[Event "Chinese League Division-A 2024"]
[Site "Fuling Chongqing"]
[Date "2024.07.06"]
[Round "9.24"]
[White "Sun, Fanghui"]
[Black "Guo, Qi"]
[Result "1/2-1/2"]
[ECO "C42"]
[WhiteElo "2115"]
[BlackElo "2362"]
[Annotator "RC"]
[PlyCount "73"]
[EventDate "2024.06.28"]
[EventType "team-tourn"]
[EventCountry "CHN"]
[SourceTitle "playchess.com"]
[Source "ChessBase"]
[SourceQuality "1"]
[TimeControl "40/5400+30:1800+30"]

1. e4 e5 2. Nf3 Nf6 3. Nxe5 d6 4. Nf3 Nxe4 5. Nc3 Nxc3 6. dxc3 Be7 7. Be3 O-O 8. Qd2 Nd7 9. h3 Nf6 10. Bd3 Re8 11. O-O-O c5 12. Rhe1 Qa5 13. Kb1 Be6 14. c4 Qxd2 15. Bxd2 h6 16. b3 a6 17. Nh4 d5 18. cxd5 Nxd5 19. Nf5 Bxf5 20. Bxf5 Bf6 21. c4 Nc3+ 22. Bxc3 Bxc3 23. Rxe8+ Rxe8 24. Kc2 Bd4 25. f3 b6 26. Be4 g6 27. Re1 Kg7 28. Kd1 f5 29. Bb7 Be3 30. g4 f4 31. Kc2 Rb8 32. Bc6 Rc8 33. Bb7 Rc7 34. Ba8 Re7 35. a4 Kf6 36. h4 a5 37. Re2 1/2-1/2

[Event "Chinese League Division-A 2024"]
[Site "Fuling Chongqing"]
[Date "2024.07.06"]
[Round "9.26"]
[White "Jiang, Haochen"]
[Black "Dai, Changren"]
[Result "1/2-1/2"]
[ECO "B30"]
[WhiteElo "2290"]
[BlackElo "2502"]
[Annotator "RC"]
[PlyCount "170"]
[EventDate "2024.06.28"]
[EventType "team-tourn"]
[EventCountry "CHN"]
[SourceTitle "playchess.com"]
[Source "ChessBase"]
[SourceQuality "1"]
[TimeControl "40/5400+30:1800+30"]

1. e4 c5 2. Nf3 Nc6 3. Bb5 Nf6 4. Bxc6 dxc6 5. d3 Qc7 6. h3 e5 7. Nbd2 Be7 8. a4 O-O 9. O-O Be6 10. Ng5 Bd7 11. Nc4 b5 12. Ne3 h6 13. Nf3 a6 14. b3 Nh5 15. Nf5 Bxf5 16. exf5 Nf4 17. Re1 Bf6 18. Re4 Qd7 19. Nxe5 Nxh3+ 20. gxh3 Bxe5 21. Rxe5 Qd4 22. Bf4 Qxf4 23. Rxc5 Qd4 24. b4 Qxb4 25. Rxc6 Rfc8 26. c3 Qf4 27. axb5 axb5 28. Rxc8+ Rxc8 29. Qg4 Qxg4+ 30. hxg4 Rxc3 31. Ra8+ Kh7 32. Rb8 Rxd3 33. Rxb5 Rd4 34. f3 Rd2 35. Kf1 f6 36. Ke1 Ra2 37. Rb7 h5 38. gxh5 Ra5 39. Kf2 Rxf5 40. Kg3 Rxh5 41. Ra7 Rg5+ 42. Kf2 Kg6 43. Ra4 Rb5 44. Kg3 Rb2 45. Rc4 Ra2 46. Rg4+ Kf7 47. Rb4 Ra3 48. Rb7+ Kg6 49. Rb5 Kh6 50. Rb6 Kh5 51. Rc6 Ra5 52. Rb6 f5 53. Rb8 Kg5 54. Rc8 Ra1 55. f4+ Kh5 56. Rh8+ Kg6 57. Rb8 Rg1+ 58. Kf2 Rh1 59. Kg2 Re1 60. Rf8 Re3 61. Kf2 Ra3 62. Kg2 Ra6 63. Kf3 Rf6 64. Ra8 Kh7 65. Ra5 Kh6 66. Ra8 g6 67. Rh8+ Kg7 68. Ra8 Rf8 69. Ra1 Rb8 70. Rc1 Rb6 71. Re1 Rb3+ 72. Kg2 Kf7 73. Re2 Rb6 74. Kf3 Re6 75. Ra2 Ke7 76. Ra7+ Kd6 77. Ra6+ Kd5 78. Ra5+ Kd4 79. Ra4+ Kc3 80. Ra3+ Kb4 81. Ra8 Rd6 82. Rc8 Kb5 83. Kg3 Rc6 84. Rb8+ Kc5 85. Kh4 Kd5 1/2-1/2

[Event "Chinese League Division-A 2024"]
[Site "Fuling Chongqing"]
[Date "2024.07.06"]
[Round "9.27"]
[White "Wang, Shixu B"]
[Black "Wang, Zihang"]
[Result "1-0"]
[ECO "E51"]
[WhiteElo "2422"]
[BlackElo "2028"]
[Annotator "RC"]
[PlyCount "79"]
[EventDate "2024.06.28"]
[EventType "team-tourn"]
[EventCountry "CHN"]
[SourceTitle "playchess.com"]
[Source "ChessBase"]
[SourceQuality "1"]
[TimeControl "40/5400+30:1800+30"]

1. d4 Nf6 2. c4 e6 3. Nc3 Bb4 4. Nf3 O-O 5. e3 d5 6. Bd2 b6 7. cxd5 exd5 8. Rc1 Bb7 9. Bd3 Be7 10. O-O c5 11. Ne5 Nc6 12. Be1 Nxe5 13. dxe5 Nd7 14. f4 d4 15. Be4 Bxe4 16. Nxe4 dxe3 17. Qe2 Qc7 18. Qxe3 c4 19. Kh1 b5 20. Bc3 Rfe8 21. Qg3 Bf8 22. Rcd1 Red8 23. Nd6 Rab8 24. Nxf7 Kxf7 25. e6+ Kg8 26. e7 Nc5 27. exd8=Q Rxd8 28. Rxd8 Qxd8 29. Qe3 Nd3 30. Qxa7 Qe8 31. Be5 Qh5 32. Qd7 Qg6 33. h3 h5 34. Qd5+ Kh8 35. Qxb5 Bc5 36. Qxc4 Qg3 37. Bd4 Ne1 38. Qe2 Bxd4 39. Qxh5+ Kg8 40. Qe8+ 1-0

[Event "Chinese League Division-A 2024"]
[Site "Fuling Chongqing"]
[Date "2024.07.06"]
[Round "9.28"]
[White "Xu, Pengmo"]
[Black "Chu, Wei Chao"]
[Result "0-1"]
[ECO "E73"]
[WhiteElo "1834"]
[BlackElo "2412"]
[Annotator "RC"]
[PlyCount "66"]
[EventDate "2024.06.28"]
[EventType "team-tourn"]
[EventCountry "CHN"]
[SourceTitle "playchess.com"]
[Source "ChessBase"]
[SourceQuality "1"]
[TimeControl "40/5400+30:1800+30"]

1. d4 Nf6 2. c4 g6 3. Nc3 Bg7 4. h4 c5 5. d5 O-O 6. e4 d6 7. Be2 e6 8. h5 exd5 9. cxd5 Re8 10. hxg6 hxg6 11. Qc2 Na6 12. Bg5 Bd7 13. f3 Qe7 14. Qd2 Qf8 15. Bxa6 bxa6 16. Nge2 Rab8 17. O-O-O Rb6 18. Rh2 Reb8 19. Rdh1 Rxb2 20. Qxb2 Rxb2 21. Kxb2 Qd8 22. Kc2 Qa5 23. Rb1 Bb5 24. Rhh1 Nd7 25. Bf4 Ne5 26. Bxe5 Bxe5 27. Rhc1 f5 28. g4 fxg4 29. fxg4 Bxe2 30. Nxe2 Qxa2+ 31. Kd3 Bb2 32. Nc3 c4+ 33. Kd4 Qa3 0-1

[Event "Chinese League Division-A 2024"]
[Site "Fuling Chongqing"]
[Date "2024.07.06"]
[Round "9.29"]
[White "Xiao, Yiyi"]
[Black "Du, Yuxin"]
[Result "1-0"]
[ECO "B13"]
[WhiteElo "2338"]
[BlackElo "1960"]
[Annotator "RC"]
[PlyCount "99"]
[EventDate "2024.06.28"]
[EventType "team-tourn"]
[EventCountry "CHN"]
[SourceTitle "playchess.com"]
[Source "ChessBase"]
[SourceQuality "1"]
[TimeControl "40/5400+30:1800+30"]

1. e4 c6 2. d4 d5 3. exd5 cxd5 4. Bd3 Nc6 5. c3 Qc7 6. h3 g6 7. Qc2 e5 8. dxe5 Nxe5 9. Bb5+ Bd7 10. Bxd7+ Qxd7 11. Qe2 Qe6 12. Be3 Bh6 13. Bd4 f6 14. Bxe5 fxe5 15. Nf3 Bg7 16. Na3 Rc8 17. O-O Ne7 18. Rfe1 e4 19. Nb5 a6 20. Nbd4 Qf6 21. Nh2 O-O 22. Rad1 Nc6 23. Nxc6 bxc6 24. f3 exf3 25. Nxf3 a5 26. Nd4 Qd6 27. Qe3 Rf7 28. Qe6 Qxe6 29. Rxe6 Bxd4+ 30. Rxd4 Rb7 31. b3 Kf7 32. Re2 Rcc7 33. Ra4 Rb5 34. Kf2 Rc5 35. Rh4 Kg7 36. Re3 Ra7 37. Ke2 Rb5 38. Ra4 Rc7 39. Rf4 Rf7 40. Rxf7+ Kxf7 41. Kd3 h5 42. Kd4 h4 43. Re2 a4 44. b4 a3 45. Re1 g5 46. Re5 Kf6 47. Re8 Rb7 48. Kc5 Rc7 49. Kd6 Rg7 50. Rf8+ 1-0